 Dungeon Sprint DCSS version 0.29-a0-1006-g0dd7720b37 (webtiles) character file.

Game seed: 14187744366132971778

302 mhtbhm the Slicer (level 6, -3/46 HPs)
             Began as a Kobold Berserker on Aug 6, 2022.
             Was a Believer of Trog.
             Slain by a yak (15 damage)
             ... in the Dungeon (Sprint I: "Red Sonja").
             The game lasted 00:00:34 (663 turns).

mhtbhm the Slicer (Kobold Berserker)                 Turns: 663, Time: 00:00:35

Health: -3/46      AC:  3    Str: 16    XL:     6   Next: 65%
Magic:  6/6        EV: 16    Int:  8    God:    Trog [**....]
Gold:   305        SH:  0    Dex: 15    Spells: 5/5 levels left

rFire   . . .      SeeInvis .   a - +0 short sword
rCold   . . .      Faith    .   (no shield)
rNeg    . . .      Spirit   .   b - +0 leather armour
rPois   .          Reflect  .   (no helmet)
rElec   .          Harm     .   (no cloak)
rCorr   .          Rampage  .   (no gloves)
Will    .....      NoTele   +   (no boots)
Stlth   ++........              (no amulet)
HPRegen 0.15/turn               (no ring)
MPRegen 0.10/turn               (no ring)

@: no status effects
A: small, no large weapons, nightstalker 3
a: Renounce Religion, Berserk, Trog's Hand


You were in the Dungeon.
You worshipped Trog.
Trog was pleased with you.
You visited 1 branch You collected 305 gold pieces.

Inventory:

Hand Weapons
 a - a +0 short sword (weapon)
Armour
 b - a +0 leather armour (worn)
Wands
 i - a wand of iceblast (7)
Scrolls
 h - a scroll of blinking
Potions
 c - a potion of curing
 d - a potion of heal wounds
 e - a potion of haste
 f - 2 potions of magic
 g - a potion of berserk rage


   Skills:
 + Level 9.0 Fighting
 + Level 11.9 Short Blades
 + Level 3.4 Armour
 + Level 5.8 Dodging
 + Level 1.0 Stealth


You had 5 spell levels left.
You didn't know any spells.
Your spell library was empty.

Dungeon Overview and Level Annotations

Branches:
Dungeon (1/1)

Altars:
Cheibriados
Fedhas
Gozag
Hepliaklqana
Qazlal
Sif Muna
Trog
Uskayaw
Vehumet
Wu Jian

Shops:
D (


Innate Abilities, Weirdness & Mutations

You are small and have problems with some larger weapons.
You are completely attuned to the shadows.


Message History

You barely miss the yak.
The yak is moderately wounded.
You barely miss the yak.
The yak is moderately wounded.
The yak misses you.
You barely miss the yak.
The yak is moderately wounded.
You hit the yak but do no damage.
The yak is moderately wounded.
The yak misses you.
You hit the yak.
The yak is moderately wounded.
You hit the yak but do no damage.
The yak is moderately wounded.
The yak gores you!
You hit the yak but do no damage.
The yak is moderately wounded.
You completely miss the yak.
The yak is moderately wounded.
The yak closely misses you.
You barely miss the yak.
The yak is moderately wounded.
You hit the yak.
The yak is heavily wounded.
The yak misses you.
You barely miss the yak.
The yak is heavily wounded.
You hit the yak.
The yak is heavily wounded.
The yak misses you.
You completely miss the yak.
The yak is heavily wounded.
You barely miss the yak.
The yak is heavily wounded.
The yak gores you!
* * * LOW HITPOINT WARNING * * *
You barely miss the yak.
The yak is heavily wounded.
The yak gores you!
You die...

################
#<.#.[)..#..'..#
#..'..#..').#..+
#..#####'#####'#
#..# #..#...#:#
#..# ####..##.#
#..# ___##'#_.+
∩..Y@..._#
.__##_.#'# __
##+#(# # ###


You could see a yak.

Vanquished Creatures
  Sigmund (D)
  An ogre (D)
  A jelly (D)
  Ijyb (D)
4 creatures vanquished.

Notes
Turn   | Place    | Note
-------+----------+-------------------------------------------
     0 | D        | mhtbhm the Kobold Berserker began the quest for the Orb.
     0 | D        | Reached XP level 1. HP: 14/14 MP: 1/1
     1 | D        | Noticed Ijyb
    21 | D        | Killed Ijyb
    22 | D        | Reached skill level 6 in Short Blades
    22 | D        | Reached XP level 2. HP: 14/20 MP: 2/2
    22 | D        | Reached XP level 3. HP: 17/25 MP: 3/3
   173 | D        | Noticed an ogre
   180 | D        | Killed an ogre
   181 | D        | Reached skill level 9 in Short Blades
   181 | D        | Reached XP level 4. HP: 10/32 MP: 4/4
   181 | D        | Reached XP level 5. HP: 11/37 MP: 5/5
   431 | D        | Noticed Sigmund
   441 | D        | Killed Sigmund
   441 | D        | Reached ** piety under Trog
   442 | D        | Reached skill level 11 in Short Blades
   442 | D        | Reached skill level 5 in Dodging
   442 | D        | Reached XP level 6. HP: 45/45 MP: 6/6
   487 | D        | Found an ornate altar of the Wu Jian Council.
   488 | D        | Found a shimmering blue altar of Sif Muna.
   489 | D        | Found a radiant altar of Vehumet.
   499 | D        | Reached skill level 1 in Stealth
   641 | D        | Found a hazy altar of Hepliaklqana.
   641 | D        | Found a stormy altar of Qazlal.
   641 | D        | Found a hide-covered altar of Uskayaw.
   641 | D        | Found a blossoming altar of Fedhas.
   641 | D        | Noticed a yak
   642 | D        | Found Wackev's Antique Weapon Emporium.
   642 | D        | Found a bloodstained altar of Trog.
   642 | D        | Found an opulent altar of Gozag.
   642 | D        | Found a snail-covered altar of Cheibriados.
   663 | D        | Slain by a yak

Illustrated notes

Levels and vault maps discovered:
D:        dungeon_sprint_1 [red_sonja_temple_1, red_sonja_temple_small_1]

Skill      XL: |  1  2  3  4  5  6 |
---------------+-------------------+-----
Fighting       | 4 6 8 9 |  9.0
Short Blades   | 6 9 11 | 11.9
Armour         | 2 3 |  3.4
Dodging        | 3 4 5 |  5.8
Stealth        | 1 |  1.0

Action                   |  1- 3 |  4- 6 || total
-------------------------+-------+-------++-------
Melee: Short sword       |    20 |    36 ||    56
Invok: Berserk           |     2 |     1 ||     3
Armor: Leather armour    |       |     2 ||     2
Dodge: Dodged            |     9 |    10 ||    19

Table legend: (Time is in decaauts)
 A = Elapsed time spent in this place.
 B = Non-inter-level travel time spent in this place.
 C = Inter-level travel time spent in this place.
 D = Time resting spent in this place.
 E = Time spent auto-exploring this place.
 F = Levels seen in this place.
 G = Mean time per level.
                   A        B        C        D        E       F      G
               +--------+--------+--------+--------+--------+-----+--------+
         Total |    670 |    670 |      0 |    535 |      1 |   1 |  670.0 |
       Dungeon |    670 |    670 |      0 |    535 |      1 |   1 |  670.0 |
               +--------+--------+--------+--------+--------+-----+--------+

Top non-repeatable levels by time:
       D: 670 daAuts
